 Dungeon Crawl Stone Soup version 0.23-a0-629-gae4348f (webtiles) character file.

325 nikopol the Chopper (level 6, -3/56 HPs)
             Began as a Hill Orc Fighter on Dec 26, 2018.
             Slain by Pikel
             ... wielding a +1 whip of freezing
              (4 damage)
             ... on level 4 of the Dungeon.
             The game lasted 00:04:41 (2762 turns).

nikopol the Chopper (Hill Orc Fighter)              Turns: 2762, Time: 00:04:41

Health: -3/56      AC:  9    Str: 26    XL:     6   Next: 48%
Magic:  6/6        EV:  8    Int:  8    God:
Gold:   189        SH: 10    Dex: 10    Spells: 5/5 levels left

rFire    . . .     SeeInvis .   a - +0 war axe
rCold    . . .     Gourm    .   c - +0 shield
rNeg     . . .     Faith    .   b - +0 scale mail
rPois    .         Spirit   .   t - +0 helmet
rElec    .         Reflect  .   (no cloak)
rCorr    .         Harm     .   g - +0 pair of gloves
MR       .....                  (no boots)
Stlth    ..........             (no amulet)
HPRegen  0.18/turn              (no ring)
MPRegen  0.10/turn              (no ring)

@: mighty
A: no striking features
a: no special abilities


You were on level 4 of the Dungeon.
You were not hungry.

You visited 1 branch of the dungeon, and saw 4 of its levels.

You collected 189 gold pieces.

Inventory:

Hand Weapons
 a - a +0 war axe (weapon)
Missiles
 v - 2 tomahawks (quivered)
Armour
 b - a +0 scale mail (worn)
 c - a +0 shield (worn)
 g - a +0 pair of gloves (worn)
 t - a +0 helmet (worn)
Jewellery
 u - a cursed ring of fire {unknown}
Wands
 m - a wand of random effects (15)
Scrolls
 i - a scroll of amnesia {unknown}
 j - 3 scrolls of teleportation {unknown}
 k - 5 scrolls of identify {unknown}
 l - 2 scrolls of remove curse {unknown}
 p - a scroll of immolation {unknown}
 q - a scroll of enchant armour {unknown}
 s - a scroll of blinking {unknown}
Potions
 e - a potion of curing {unknown}
 h - a potion of brilliance {unknown}
 n - a potion of flight {unknown}
 o - 2 potions of haste {unknown}
 r - a potion of invisibility {unknown}
Comestibles
 f - 4 rations


   Skills:
 + Level 5.3 Fighting
 + Level 5.7 Axes
 + Level 4.1 Armour
 + Level 0.9 Dodging
 + Level 0.1 Stealth
 + Level 4.4 Shields


You had 5 spell levels left.
You didn't know any spells.
Your spell library was empty.

Dungeon Overview and Level Annotations

Branches:
Dungeon (4/15)
 Temple: D:4-7

Altars:
Xom

Annotations:
D:4 Pikel


Message History

Pikel is heavily wounded.
You hit the slave. You block Pikel's attack.
Your scale mail prevents you from hitting Pikel.
Pikel is heavily wounded.
You hit the slave. x2; You block the slave's attack.
The slave hits you.
* * * LOW HITPOINT WARNING * * *
Pikel hits you with a +1 whip of freezing.
* * * LOW HITPOINT WARNING * * *
Pikel freezes you.
* * * LOW HITPOINT WARNING * * *
The slave hits you but does no damage.
You closely miss Pikel.
Pikel is heavily wounded.
You slash the slave!
You kill the slave!
That felt strangely unrewarding.
You closely miss the slave. The slave hits you but does no damage.
You block Pikel's attack. The slave hits you but does no damage.
Pikel hits you with a +1 whip of freezing.
You die...

#########
#.......#################
.........................
.#..##.##.....#+#####.#.
#.##...........#.#.
.#..##.##...........#.##
.......[@Kp#.........#.#
#.#..##p##...........#.#
#. #..............#.# #
#####.#........#.#
#..........#.##
#<.)......#...
#.........####
##.........#
#.....#.#####


You could see Pikel and 2 slaves.

Vanquished Creatures
  2 slaves (D:4)
  Blork the orc (D:4)
  2 orc priests
  2 orc wizards (D:4)
  5 adders
  2 oozes
  A dart slug (D:1)
  6 leopard geckos
  6 orcs
  9 bats
  2 giant cockroaches
  7 goblins
  11 hobgoblins
  4 jackals
  6 kobolds
  4 quokkas
  A ball python (D:1)
  3 frilled lizards
  9 rats
83 creatures vanquished.

Notes
Turn   | Place    | Note
-------+----------+-------------------------------------------
     0 | D:1      | nikopol the Hill Orc Fighter began the quest for the Orb.
     0 | D:1      | Reached XP level 1. HP: 19/19 MP: 1/1
    92 | D:1      | Reached XP level 2. HP: 26/27 MP: 2/2
   196 | D:1      | Reached XP level 3. HP: 33/33 MP: 3/3
  1045 | D:2      | Reached XP level 4. HP: 31/41 MP: 4/4
  1103 | D:2      | Found a shimmering altar of Xom.
  1698 | D:3      | Reached XP level 5. HP: 42/47 MP: 5/5
  2084 | D:4      | Reached skill level 5 in Fighting
  2192 | D:4      | Reached skill level 5 in Axes
  2264 | D:4      | Reached XP level 6. HP: 51/56 MP: 6/6
  2290 | D:4      | Noticed a slave
  2290 | D:4      | Noticed a slave
  2291 | D:4      | Noticed a slave
  2291 | D:4      | Noticed Pikel
  2361 | D:4      | Noticed Blork the orc
  2412 | D:4      | Killed Blork the orc
  2744 | D:4      | Noticed a slave
  2759 | D:4      | Killed a slave
  2761 | D:4      | HP: 2/56 [Pikel/+1 whip of freezing (1)]
  2762 | D:4      | Killed a slave
  2762 | D:4      | Slain by Pikel

Vault maps used:
D:1:      lemuel_arrival_lava_pool, minmay_vboxes
D:2:      xom_teletrap_fun
D:4:      makhleb_altar_promises_db, uniq_pikel, uniq_robin, uniq_blork_the_orc

Skill      XL: |  1  2  3  4  5 |
---------------+----------------+-----
Fighting       | 4 5 |  5.3
Axes           | 3 4 5 |  5.7
Shields        | 4 |  4.4
Armour         | 4 |  4.1
Dodging        | |  0.9
Stealth        | |  0.1

Action                   |  1- 3 |  4- 6 || total
-------------------------+-------+-------++-------
Melee: War axe           |   134 |   164 ||   298
Throw: Tomahawk          |     2 |     2 ||     4
  Use: Potion            |       |     1 ||     1
  Eat: Chunk             |     1 |     6 ||     7
Armor: Scale mail        |    60 |    92 ||   152
Dodge: Dodged            |    52 |    62 ||   114
Block: Shield            |    76 |    94 ||   170

Table legend:
 A = Non-vault XP
 B = Vault XP
 C = Vault XP percentage of total XP
 D = Non-vault monster count
 E = Vault monster count
 F = Vault count percentage of total count
                 A         B        C        D         E       F
            +---------+---------+-------+---------+---------+-------
      Total |     360 |     105 |  22.6 |      75 |       6 |   7.4
            +---------+---------+-------+---------+---------+-------
        D:1 |      48 |       9 |  15.8 |      24 |       5 |  17.2
        D:2 |      44 |       0 |   0.0 |      22 |       0 |   0.0
        D:3 |     129 |       0 |   0.0 |      22 |       0 |   0.0
        D:4 |     139 |      96 |  40.9 |       7 |       1 |  12.5
            +---------+---------+-------+---------+---------+-------
